 Dungeon Crawl Stone Soup version 0.17-a0-1384-gaabe8e5 (webtiles) character file.

4895 talyn the Grappler (level 10, -1/53 HPs)
             Began as a Vine Stalker Fighter on June 16, 2015.
             Was a Priest of Okawaru.
             Succumbed to a black mamba's poison
             ... on level 1 of the Lair of Beasts.
             The game lasted 00:26:43 (6985 turns).

talyn the Grappler (Vine Stalker Fighter)           Turns: 6985, Time: 00:26:43

Health: -1/53      AC: 19    Str: 20    XL:     10   Next: 51%
Magic:  3/23       EV:  5    Int:  8    God:    Okawaru [***...]
Gold:   491        SH: 10    Dex: 16    Spells: 3 memorised, 3 levels left

rFire  + . .     SeeInvis .       - Unarmed
rCold  . . .     Clarity  .     c - +2 chain mail {rF+}
rNeg   . . .     SustAt   .     b - +0 shield
rPois  +         Gourm    .     l - +1 helmet
rElec  .         Spirit   +     (no cloak)
rCorr  .         Warding  .     f - +1 pair of gloves
rMut   .         Stasis   .     h - +2 pair of boots
MR     +....                    (no amulet)
Stlth  ..........               z - ring of poison resistance
                                y - ring of magical power

@: lethally poisoned (-1 -> -35), somewhat resistant to hostile enchantments,
extremely unstealthy
A: fangs 3, regeneration 2, magic shield, antimagic bite, no device heal 3, rot
immunity
a: Heroism, Renounce Religion


You were on level 1 of the Lair of Beasts.
You worshipped Okawaru.
Okawaru was most pleased with you.
You were not hungry.

You visited 2 branches of the dungeon, and saw 9 of its levels.

You collected 491 gold pieces.

Inventory:

Missiles
 i - 7 javelins (quivered)
 n - 10 tomahawks
 o - 3 tomahawks of dispersal
Armour
 b - a +0 shield (worn)
 c - a +2 chain mail of fire resistance (worn)
 f - a +1 pair of gloves (worn)
 h - a +2 pair of boots (worn)
 l - a +1 helmet (worn)
Jewellery
 y - a ring of magical power (left hand)
 z - a ring of poison resistance (right hand)
Scrolls
 e - 3 scrolls of fog
 m - 3 scrolls of amnesia
 p - 3 scrolls of identify
 u - 2 scrolls of remove curse
 A - a scroll of magic mapping
Potions
 a - 2 potions of curing
 g - a potion of magic
 k - 2 potions of cancellation
 q - a potion of flight
 s - a potion of degeneration {unknown}
 t - a potion of brilliance {unknown}
 v - a potion of invisibility {unknown}
 w - a potion of poison {unknown}
Books
 r - a Young Poisoner's Handbook

   Spells                             Type                      Level
   a - Sting                          Conjuration/Poison           1
   b - Cure Poison                    Poison                       2
   c - Mephitic Cloud                 Conjuration/Poison/Air       3
   d - Olgreb's Toxic Radiance        Poison                       4
   e - Venom Bolt                     Conjuration/Poison           5
 E - a book of Air

   Spells                             Type                      Level
   a - Shock                          Conjuration/Air              1
   b - Swiftness                      Charms/Air                   2
   c - Repel Missiles                 Charms/Air                   2
   d - Static Discharge               Conjuration/Air              3
   e - Lightning Bolt                 Conjuration/Air              5
Comestibles
 d - 9 bread rations
 j - 3 meat rations
 x - 2 beef jerkies
 B - 7 royal jellies
 C - a chunk of flesh


   Skills:
 - Level 6.0 Fighting
 - Level 5.0 Throwing
 - Level 5.8 Armour
 - Level 5.0 Shields
 - Level 8.0 Unarmed Combat
 + Level 2.3 Charms
 + Level 2.4 Air Magic
 - Level 5.0 Invocations


You had 3 spell levels left.
You knew the following spells:

 Your Spells              Type           Power        Failure   Level  Hunger
a - Repel Missiles        Chrm/Air       #.....       100%        2    ###....
b - Swiftness             Chrm/Air       #.......     100%        2    ###....
c - Cure Poison           Pois           #.........   100%        2    ###....


Dungeon Overview and Level Annotations

Branches:
Dungeon (8/15)             Temple (0/1) D:7            Lair (1/8) D:8

Altars:
Cheibriados
Dithmenos
Elyvilon
Nemelex Xobeh
Okawaru
Sif Muna
Trog
Vehumet
Xom
Yredelemnul
Zin
Beogh

Shops:
D:8 !


Innate Abilities, Weirdness & Mutations

You have razor-sharp teeth.
You heal very quickly.
When hurt, damage is shared between your health and your magic reserves.
Your bite disrupts and absorbs the magic of your enemies.
Potions and wands cannot restore your health.
You are immune to rotting.


Message History

You miss the black mamba. You bite the black mamba. You drain its power.
You feel invigorated.
The black mamba is moderately wounded.
You feel sick. You block the black mamba's attack.
You block the crocodile's attack. The black mamba bites you.
* * * LOW HITPOINT WARNING * * *
You are lethally poisoned!
The black mamba poisons you!
You miss the black mamba.
The black mamba is moderately wounded.
* * * LOW HITPOINT WARNING * * *
You feel very sick. The black mamba bites you!
* * * LOW MAGIC WARNING * * *
You are more poisoned.
The black mamba poisons you! You block the crocodile's attack.
The black mamba bites you but does no damage.
You punch the black mamba! Your bite misses the black mamba.
The black mamba is severely wounded.
You die...

####......##
.....:.....
..........# # #
.........####.#.#
................
#........$.P+
##....<....#
#tS##+##...+ ##@#
..# #.P...# ...
#.PP..... #..
#... .#.. . #.#.#
# #.... #.#.##
#.###


You could see a black mamba and a crocodile.

Vanquished Creatures
  Joseph (D:8)
  A queen bee (D:8)
  Prince Ribbit (D:8)
  2 wyverns (D:8)
  A steam dragon (D:7)
  2 wasps
  An orc warrior (D:8)
  2 ice beasts
  The ghost of Rhaen the Twirler, an average DgGl (D:3)
  4 ogres
  A centaur (D:4)
  2 big kobolds
  Blork the orc (D:6)
  3 giant frogs
  3 scorpions
  A wyvern skeleton (D:7)
  22 killer bees (D:8)
  A crimson imp (D:8)
  3 jellies (D:8)
  4 orc priests
  A giant frog skeleton (D:4)
  2 hounds (D:4)
  2 quasits
  5 orc wizards
  A gnoll shaman (D:6)
  Terence (D:2)
  2 worker ants
  Natasha (thrice) (D:2)
  A hound skeleton (D:7)
  Robin (D:2)
  18 gnolls
  8 adders
  A shadow imp (D:7)
  An ooze (D:4)
  2 worms
  9 giant geckos
  46 orcs
  2 ball pythons
  A bat skeleton (D:1)
  A bat zombie (D:7)
  34 goblins
  29 hobgoblins
  10 jackals
  A quokka (D:7)
  7 bats
  4 giant cockroaches
  A giant gecko zombie (D:6)
  6 giant newts
  A jackal skeleton (D:6)
  28 kobolds
  A quokka skeleton (D:8)
  15 rats
302 creatures vanquished.

Vanquished Creatures (others)
  A hobgoblin (D:7)
  A quokka (D:7)
2 creatures vanquished.

Grand Total: 304 creatures vanquished

Notes
Turn   | Place    | Note
--------------------------------------------------------------
     0 | D:1      | talyn the Vine Stalker Fighter began the quest for the Orb.
     0 | D:1      | Reached XP level 1. HP: 11/11 MP: 2/2
    97 | D:1      | Reached XP level 2. HP: 14/16 MP: 3/3
   442 | D:1      | Reached skill level 3 in Shields
   511 | D:1      | Reached XP level 3. HP: 17/19 MP: 4/4
   711 | D:1      | Found a roughly hewn altar of Beogh.
   711 | D:1      | Noticed an orc warrior
   939 | D:2      | Noticed Terence
   940 | D:2      | Found a sparkling altar of Nemelex Xobeh.
   952 | D:2      | Killed Terence
   992 | D:2      | Reached XP level 4. HP: 23/23 MP: 5/5
  1006 | D:2      | Noticed Robin
  1147 | D:2      | Killed Robin
  1147 | D:2      | Reached skill level 4 in Unarmed Combat
  1415 | D:2      | Noticed Natasha
  1430 | D:2      | Killed Natasha
  1430 | D:2      | Reached XP level 5. HP: 22/27 MP: 4/6
  1497 | D:2      | Noticed Natasha
  1507 | D:2      | Killed Natasha
  1561 | D:2      | Noticed Natasha
  1566 | D:2      | Killed Natasha
  1751 | D:3      | Found a glowing silver altar of Zin.
  1927 | D:3      | Noticed Rhaen's ghost (average DgGl)
  1961 | D:3      | Killed Rhaen's ghost
  1961 | D:3      | Reached skill level 5 in Unarmed Combat
  1961 | D:3      | Gained mutation: You heal very quickly. [Vine Stalker growth]
  1961 | D:3      | Reached XP level 6. HP: 21/32 MP: 7/7
  2536 | D:4      | Reached XP level 7. HP: 35/35 MP: 8/8
  2633 | D:4      | Reached skill level 5 in Shields
  2730 | D:4      | Reached skill level 6 in Unarmed Combat
  3042 | D:5      | Entered Level 5 of the Dungeon
  3317 | D:5      | Found a sparkling altar of Nemelex Xobeh.
  3490 | D:5      | Gained mutation: You have razor-sharp teeth. [Vine Stalker growth]
  3490 | D:5      | Reached XP level 8. HP: 33/39 MP: 9/9
  4141 | D:6      | Noticed Blork the orc
  4153 | D:6      | Killed Blork the orc
  4211 | D:6      | Reached skill level 7 in Unarmed Combat
  4588 | D:6      | Found an iron altar of Okawaru.
  4594 | D:6      | Became a worshipper of Warmaster Okawaru
  4819 | D:6      | Found a radiant altar of Vehumet.
  4834 | D:6      | Noticed a hill giant
  5041 | D:7      | Reached skill level 5 in Fighting
  5104 | D:7      | Found a white marble altar of Elyvilon.
  5131 | D:7      | Reached XP level 9. HP: 41/48 MP: 10/10
  5314 | D:7      | Found a basalt altar of Yredelemnul.
  5320 | D:7      | Acquired Okawaru's first power
  5410 | D:7      | Found a deep blue altar of Sif Muna.
  5521 | D:7      | Found a bloodstained altar of Trog.
  5529 | D:7      | Learned a level 2 spell: Repel Missiles
  5532 | D:7      | Learned a level 2 spell: Swiftness
  5598 | D:7      | Reached skill level 8 in Unarmed Combat
  5612 | D:7      | Found a staircase to the Ecumenical Temple.
  5670 | D:8      | Found Gauv's Distillery.
  5724 | D:8      | Noticed Joseph
  5741 | D:8      | Killed Joseph
  5741 | D:8      | Reached skill level 5 in Armour
  5771 | D:8      | Learned a level 2 spell: Cure Poison
  5820 | D:8      | Reached skill level 1 in Throwing
  5853 | D:8      | Noticed Prince Ribbit
  5872 | D:8      | Killed Prince Ribbit
  5914 | D:8      | Found a staircase to the Lair.
  6044 | D:8      | Reached XP level 10. HP: 53/53 MP: 11/11
  6049 | D:8      | Reached skill level 5 in Throwing
  6091 | D:8      | Reached skill level 1 in Invocations
  6548 | D:8      | Reached skill level 5 in Invocations
  6572 | D:8      | Reached skill level 1 in Charms
  6572 | D:8      | Reached skill level 1 in Air Magic
  6724 | D:8      | Found a snail-covered altar of Cheibriados.
  6726 | D:8      | Found a shimmering altar of Xom.
  6726 | D:8      | Found a shadowy altar of Dithmenos.
  6963 | Lair:1   | Entered Level 1 of the Lair of Beasts
  6963 | Lair:1   | Noticed a black mamba
  6984 | Lair:1   | HP: 1/53 [poisoned by a black mamba]
  6985 | Lair:1   | Succumbed to a black mamba's poison

Vault maps used:
D:1:      erik_arrival_cave_to_civilisation
D:2:      nemelex_deck, uniq_robin, uniq_terence, uniq_natasha
D:3:      zin_statuary, first_bread
D:5:      minivault_4, nemelex_lonely_heart_becter
D:6:      corexii_shantytown, lemuel_crystal_altar, okawaru_ov_weapons_minmay,
          uniq_blork_the_orc
D:7:      kennysheep_mini_moat, elyvilon_altar_4, overflow_temple_1_default,
          minmay_temple_entry_enclosed_plants, trog_hazing_becter
D:8:      grunt_temple_overflow_diamond, lair_0_dummy, serial_shops,
          nicolae_shop_competitors_out_of_business, david_nohive_1,
          uniq_prince_ribbit1, uniq_joseph
Lair:1:   nicolae_volcano_entry_two_sided, minivault_24, serial_bayou_shore_b,
          serial_bayou_shore_a

Action                   |  1- 3 |  4- 6 |  7- 9 | 10-12 || total
-------------------------+-------+-------+-------+-------++-------
Melee: Unarmed           |    93 |   207 |   561 |   235 ||  1096
  Use: Scroll            |     4 |     5 |    12 |     1 ||    22
       Potion            |     1 |     3 |     2 |     2 ||     8
  Eat: Chunk             |       |     3 |     3 |       ||     6
       Pizza             |       |     1 |     2 |       ||     3
       Bread ration      |       |     1 |       |       ||     1
       Royal jelly       |       |       |     1 |       ||     1
       Meat ration       |       |       |     1 |       ||     1
